 Dungeon Crawl Stone Soup version 0.32-a0-968-g61e5eb5241 (webtiles) character file.

Game seed: 16271888920050013151

1532156 EnegeticOcto the Iron Golem (level 26, 232/245 HPs)
             Began as a Coglin Cinder Acolyte on Apr 17, 2024.
             Was a High Priest of Ignis.
             Escaped with the Orb
             ... and 3 runes on Apr 18, 2024!
             The game lasted 02:02:29 (78589 turns).

EnegeticOcto the Iron Golem (CoCA)                 Turns: 78589, Time: 02:02:29

Health: 232/245    AC: 59    Str: 27    XL:     26   Next: 49%
Magic:  24/24      EV: 15    Int: 12    God:    Ignis [*****.]
Gold:   5862       SH:  0    Dex: 15    Spells: 24/27 levels left

rFire   + + +        s - +9 demon trident (freeze) {María}
rCold   + + +        w - +9 demon trident (protect) {Svenja}
rNeg    . . .        e - +12 crystal plate armour of Lodoq {rF++ Will+ Str+3 SInv}
rPois   +            R - +5 helmet of the Leaf {Str+3}
rElec   .            l - +1 cloak "Riykaqyi" {rC+++ Int-4 Dex+4}
rCorr   +            J - +2 pair of gloves "Macwio" {Will+}
SInv    +            P - +2 pair of slick slippers {slick, slippery, EV+4}
Will    +++..        (amulet unavailable) Stlth
                     (ring unavailable)
HPRegen 0.60/turn    (ring unavailable)
MPRegen 0.19/turn    z - gyroassembler Mk.84 {AutoDazzle, rPois rCorr Slay+3}

%: no passive effects
@: hasted, studying 2 skills, very quick
A: off-hand wielding, slow wielding, warmup strikes, no jewellery, cold
resistance 1, robust 1, weak 1
0: Orb of Zot
}: 3/15 runes: serpentine, barnacled, silver
a: Renounce Religion, Fiery Armour, Foxfire Swarm, Rising Flame


You escaped.
You worshipped Ignis.
Ignis was extremely pleased with you.
You visited 9 branches of the dungeon, and saw 47 of its levels.
You visited 1 bazaar.
You also visited: Trove, Sewer, Ossuary and Wizlab.

You collected 9473 gold pieces.
You spent 3611 gold pieces at shops.

Inventory:

Hand Weapons
 s - a +9 demon trident of freezing (weapon) {María}
   (You took it off a merfolk impaler on level 4 of the Shoals)
 w - a +9 demon trident of protection (offhand) {Svenja}
   (You took it off a merfolk impaler on level 4 of the Shoals)
Missiles
 g - 73 boomerangs
 n - 10 silver javelins (quivered)
 A - 5 throwing nets {!f}
 S - 22 javelins
 U - 14 curare-tipped darts
Armour
 e - the +12 crystal plate armour of Lodoq (worn) {rF++ Will+ Str+3 SInv}
   (You found it in a treasure trove)

   Str+3:     It affects your strength (+3).
   rF++:      It greatly protects you from fire.
   Will+:     It increases your willpower.
   SInv:      It lets you see invisible.
 l - the +1 cloak "Riykaqyi" (worn) {rC+++ Int-4 Dex+4}
   (You found it in a treasure trove)

   Int-4:     It affects your intelligence (-4).
   Dex+4:     It affects your dexterity (+4).
   rC+++:     It renders you almost immune to cold.
 J - the +2 pair of gloves "Macwio" (worn) {Will+}
   (You bought it in a shop on level 2 of the Orcish Mines)

   Will+:     It increases your willpower.
 P - the +2 pair of slick slippers (worn) {slick, slippery, EV+4}
   (You found it in a treasure trove)

   Slick:     Its wearer cannot be constricted, engulfed, netted, webbed, or
   stopped by binding sigils.
   Slippery:  Its wearer slips away from damaging melee attacks, pulling the
   attacker onward.
   EV+4:      It affects your evasion (+4).
 R - the +5 helmet of the Leaf (worn) {Str+3}
   (You found it in a treasure trove)

   Str+3:     It affects your strength (+3).
Gizmo
 z - a gyroassembler Mk.84 (installed) {AutoDazzle, rPois rCorr Slay+3}
   (You invented it yourself on level 4 of the Lair of Beasts)

   [gyroassembler Mk.84]

   AutoDazzle: It sometimes fires a blinding ray at enemies whose attacks you
   dodge.
   Slay+3:    It affects your accuracy & damage with ranged weapons and melee
   (+3).
   rPois:     It protects you from poison.
   rCorr:     It protects you from acid and corrosion.
Wands
 b - a wand of acid (20) {@v1}
   (You found it on level 10 of the Dungeon)
 q - a wand of warping (32) {@v2}
   (You found it on level 5 of the Dungeon)
 y - a wand of charming (57)
   (You found it on level 2 of the Lair of Beasts)
 B - a wand of digging (9) {@v3}
   (You found it on level 13 of the Dungeon)
 O - a wand of flame (89) {@v4}
   (You found it on level 6 of the Dungeon)
 T - a wand of polymorph (24)
   (You found it on level 3 of the Elven Halls)
 X - a wand of mindburst (48)
   (You found it on level 12 of the Dungeon)
Scrolls
 a - 4 scrolls of torment
 i - 2 scrolls of summoning {!r}
 j - 9 scrolls of poison {!r}
 p - 6 scrolls of fog {!r}
 r - 21 scrolls of teleportation {@r3 !r}
 v - 2 scrolls of enchant weapon
 x - 3 scrolls of enchant armour
 C - 5 scrolls of immolation
 F - 3 scrolls of vulnerability
 K - 3 scrolls of blinking {@r4}
 L - 3 scrolls of revelation {@r5 !r}
 M - a scroll of brand weapon
 V - a scroll of silence {!r}
 Z - 6 scrolls of fear {!r}
Potions
 c - 11 potions of lignification {@q6}
 d - 6 potions of enlightenment
 f - 12 potions of attraction
 h - 10 potions of curing {@q1 !q}
 k - 7 potions of resistance
 m - 3 potions of might {@q3 !q}
 o - 4 potions of magic
 t - 12 potions of mutation
 u - 7 potions of haste {@q4 !q}
 G - 3 potions of ambrosia
 H - 13 potions of heal wounds {@q2 !q}
 I - 8 potions of cancellation
 Q - 5 potions of invisibility
 Y - 2 potions of berserk rage
Miscellaneous
 D - a tin of tremorstones (inert)
   (You found it on level 5 of the Lair of Beasts)
 E - a box of beasts (inert)
   (You found it on level 13 of the Dungeon)
 N - a Gell's gravitambourine (inert)
   (You found it on level 13 of the Dungeon)
 W - a lightning rod (4/4)
   (You found it on level 13 of the Dungeon)


   Skills:
 + Level 21.6 Fighting
 - Level 8.2(12.2) Axes
 - Level 13.2(14.0) Polearms
 - Level 12.0 Throwing
 O Level 27 Armour
 - Level 10.0 Dodging
 - Level 3.0 Stealth
 - Level 1.0 Spellcasting
 - Level 2.6 Fire Magic
 + Level 21.0 Evocations


You had 24 spell levels left.
You knew the following spells:

 Your Spells              Type           Power      Damage    Failure   Level
b - Scorch                Fire           14%        2d5       67%         2
c - Summon Small Mammal   Summ           0%         N/A       88%         1

Your spell library contained the following spells:

 Spells                   Type           Power      Damage    Failure   Level
 Apportation              Tloc           0%         N/A       88%         1
 Freeze                   Ice            0%         1d3       88%         1
 Kiss of Death            Conj/Necr      0%         2d5       88%         1
 Magic Dart               Conj           0%         1d3       88%         1
 Necrotise                Necr           0%         1d4       88%         1
 Shock                    Conj/Air       0%         1d3       88%         1
 Sting                    Conj/Alch      0%         1d3       88%         1
 Blink                    Tloc           0%         N/A       95%         2
 Call Imp                 Summ           0%         N/A       95%         2
 Ensorcelled Hibernation  Hex/Ice        0%         N/A       95%         2
 Jinxbite                 Hex            0%         N/A       95%         2
 Lesser Beckoning         Tloc           0%         N/A       95%         2
 Mercury Vapours          Alch/Air       0%         N/A       95%         2
 Searing Ray              Conj           0%         2d4       95%         2
 Sublimation of Blood     Necr           0%         N/A       95%         2
 Inner Flame              Hex/Fire       3%         N/A       97%         3
 Call Canine Familiar     Summ           0%         N/A       99%         3
 Confusing Touch          Hex            0%         N/A       99%         3
 Frozen Ramparts          Ice            0%         1d1       99%         3
 Fugue of the Fallen      Necr           0%         N/A       99%         3
 Hailstorm                Conj/Ice       0%         3d5       99%         3
 Maxwell's Portable Pile  Tloc           0%         2d(5-13)  99%         3
 Mephitic Cloud           Conj/Alch/Air  0%         N/A       99%         3
 Ozocubu's Armour         Ice            0%         N/A       99%         3
 Sigil of Binding         Hex            0%         N/A       99%         3
 Stone Arrow              Conj/Erth      0%         3d7       99%         3
 Summon Ice Beast         Ice/Summ       0%         N/A       99%         3
 Swiftness                Air            0%         N/A       99%         3
 Teleport Other           Tloc           0%         N/A       99%         3
 Tukima's Dance           Hex            0%         N/A       99%         3
 Vampiric Draining        Necr           0%         2d6       99%         3
 Airstrike                Air            0%         2d(0-16)  100%        4
 Anguish                  Hex/Necr       0%         N/A       100%        4
 Animate Armour           Summ/Erth      0%         N/A       100%        4
 Animate Dead             Necr           0%         N/A       100%        4
 Cause Fear               Hex            0%         N/A       100%        4
 Dispel Undead            Necr           0%         3d6       100%        4
 Flame Wave               Conj/Fire      3%         2d5       100%        4
 Fulminant Prism          Conj/Alch      0%         3d5       100%        4
 Ignite Poison            Fire/Alch      3%         N/A       100%        4
 Martyr's Knell           Necr/Summ      0%         N/A       100%        4
 Olgreb's Toxic Radiance  Alch           0%         N/A       100%        4
 Passage of Golubria      Tloc           0%         N/A       100%        4
 Petrify                  Alch/Erth      0%         N/A       100%        4
 Sticky Flame             Fire/Alch      3%         2d4       100%        4
 Summon Blazeheart Golem  Fire/Summ      3%         N/A       100%        4
 Alistair's Intoxication  Alch           0%         N/A       100%        5
 Borgnjor's Vile Clutch   Necr/Erth      0%         N/A       100%        5
 Curse of Agony           Necr           0%         N/A       100%        5
 Fireball                 Conj/Fire      1%         3d3       100%        5
 Irradiate                Conj/Alch      0%         3d11      100%        5
 Metabolic Englaciation   Hex/Ice        0%         N/A       100%        5
 Silence                  Hex/Air        0%         N/A       100%        5
 Summon Mana Viper        Hex/Summ       0%         N/A       100%        5
 Yara's Violent Unravell  Hex/Alch       0%         3d3       100%        5
 Conjure Ball Lightning   Conj/Air       0%         3x3d6     100%        6
 Death Channel            Necr           0%         N/A       100%        6
 Eringya's Noxious Bog    Alch           0%         4d6       100%        6
 Enfeeble                 Hex            0%         N/A       100%        7
 Magnavolt                Erth/Air       0%         3d9       100%        7
 Malign Gateway           Summ/Tloc      0%         N/A       100%        7
 Manifold Assault         Tloc           0%         N/A       100%        7
 Monstrous Menagerie      Summ           0%         N/A       100%        7
 Seismic Cannonade        Alch/Erth      0%         6d4       100%        7
 Summon Hydra             Summ           0%         N/A       100%        7
 Discord                  Hex            0%         N/A       100%        8
 Disjunction              Tloc           0%         N/A       100%        8
 Fulsome Fusillade        Conj/Alch      0%         (3-5)d4   100%        8
 Ignition                 Fire           3%         3d4       100%        8
 Lehudib's Crystal Spear  Conj/Erth      0%         10d2      100%        8
 Maxwell's Capacitive Co  Air            0%         ∞         100%        8
 Summon Horrible Things   Summ           0%         N/A       100%        8
 Dragon's Call            Summ           0%         N/A       100%        9


Dungeon Overview and Level Annotations

Branches:
Dungeon (15/15)            Temple (0/1) D:7            Lair (5/5) D:11
 Shoals (4/4) Lair:2        Snake (4/4) Lair:3        Slime (0/5) Lair:4
    Orc (2/2) D:11            Elf (3/3) Orc:2        Vaults (5/5) D:14
  Crypt (0/3) Vaults:2     Depths (4/4) D:15            Zot (5/5) Depths:4
  Sewer (visited)         Ossuary (visited)          WizLab (visited)

Altars:
Cheibriados
Gozag
Makhleb
Okawaru
Qazlal
Sif Muna
Trog
Uskayaw
Vehumet
Wu Jian
Xom
Beogh
Jiyva

Shops:
D:6 ?   Orc:2 (*[:   Elf:1 (   Snake:2 *   Snake:3 =:(   Snake:4 :=:   Zot:1 *
Depths:1 :!((

Portals:
Hell: Lair:5 Depths:1 Depths:2 Depths:3 Depths:4
Abyss: Depths:2 Depths:3
Pandemonium: Depths:1 Depths:2
Ziggurat: Depths:3

Annotations:
D:7 3 runed translucent doors, exclusion: 3 doors
Lair:3 3 runed translucent doors, exclusion: 3 doors, Luxefos's ghost, journeyman MDFE; Lymel's ghost, journeyman TrWr; Xuem Ism's ghost, journeyman DrBe; Ycul's ghost, journeyman HOFi
Depths:2 1 runed translucent door, exclusion: door
Zot:1 2 transporters
Zot:5 1 runed translucent door, 2 exclusions, Ifoebbur's ghost, legendary KoDe


Innate Abilities, Weirdness & Mutations

You can wield a second weapon in your off-hand.
It takes a long time for you to wield or remove held weapons.
Your first few attacks do less damage.
You cannot equip rings or amulets.
Your flesh is cold resistant. (rC+)
You are robust. (+10% HP)
You are weak. (Str -2)


Message History

Where to? (Tab/Enter - D:1 @ (x,y), ? - help)
There is a shaft here.
There is a shaft here.
Your extra speed is starting to run out.
There is a stone staircase leading up here.
You climb upwards.
There is a stone staircase leading down here.
Things that are here:
a +0 plate armour; a +0 war axe You feel yourself slow down.
Things that are here:
a +0 giant spiked club; a +0 giant club
There is a stone staircase leading up here.
You climb upwards.
There is a stone staircase leading down here.
Things that are here:
a +0 leather armour; a +0 short sword A Brimstone Fiend comes into view.
Unknown command.
Really quaff
u - 9 potions of haste {@q4 !q}?
You feel yourself speed up.
There is a stone staircase leading up here.
You climb upwards.
Level annotation: 3 runed translucent doors, exclusion: 3 doors
There is a stone staircase leading down here.
(D) Dungeon (T) Temple (L) Lair (A) Shoals (P) Snake Pit (M) Slime Pits (O) Orcish Mines (E) Elven Halls (V) Vaults (C) Crypt (U) Depths (H) Hell (Z) Zot
Where to? (Tab/Enter - D:1 @ (x,y), ? - help)
Things that are here:
a +0 hand axe; an orc skeleton
There is a stone staircase leading up here.
You climb upwards.
There is a stone staircase leading down here.
You see here a hound skeleton.
There is a stone staircase leading up here.
You climb upwards.
Your extra speed is starting to run out.
There is a stone staircase leading down here.
A demonspawn warmonger, an Executioner and a demonspawn corrupter come into view.
The demonspawn warmonger is wielding a +2 demon blade of flaming and wearing a +0 kite shield of protection.
The demonspawn corrupter is wielding a +2 demon trident of venom.
Blink to where?
Press: ? - help, Dir - move target
As you read the scroll of blinking {@r4}, it crumbles to dust.
The Executioner gives a hideous shriek!
The demonspawn corrupter shouts!
You climb upwards.
There is a stone staircase leading down here.
(D) Dungeon (T) Temple (L) Lair (A) Shoals (P) Snake Pit (M) Slime Pits (O) Orcish Mines (E) Elven Halls (V) Vaults (C) Crypt (U) Depths (H) Hell (Z) Zot
Where to? (Tab/Enter - D:1 @ (x,y), ? - help)
You feel yourself slow down.
You see here a +0 dagger.
A tormentor comes into view.
You reach to attack!
You closely miss the tormentor with your +9 demon trident of freezing.
You closely miss the tormentor with your +9 demon trident of protection.
You reach to attack!
You impale the tormentor with your +9 demon trident of protection!!
Your weapon exudes an aura of protection.
The tormentor is heavily wounded.
You hit the tormentor with your +9 demon trident of freezing.
You freeze the tormentor.
You reach to attack!
You hit the tormentor with your +9 demon trident of freezing.
You freeze the tormentor.
The tormentor is almost dead.
You completely miss the tormentor with your +9 demon trident of protection.
You closely miss the tormentor with your +9 demon trident of freezing.
The tormentor is almost dead.
You impale the tormentor with your +9 demon trident of protection!!
You kill the tormentor!
Really quaff
u - 8 potions of haste {@q4 !q}?
You feel yourself speed up.
(D) Dungeon (T) Temple (L) Lair (A) Shoals (P) Snake Pit (M) Slime Pits (O) Orcish Mines (E) Elven Halls (V) Vaults (C) Crypt (U) Depths (H) Hell (Z) Zot
Where to? (Tab/Enter - D:1 @ (x,y), ? - help)
There is a stone staircase leading up here.
You climb upwards.
There is a stone staircase leading down here.
There is a stone staircase leading up here.
You climb upwards.
There is a stone staircase leading down here.
An Orb Guardian comes into view.
Unknown command.
The Orb Guardian moves out of view.
There is a stone staircase leading up here.
You climb upwards.
There is a stone staircase leading down here.
(D) Dungeon (T) Temple (L) Lair (A) Shoals (P) Snake Pit (M) Slime Pits (O) Orcish Mines (E) Elven Halls (V) Vaults (C) Crypt (U) Depths (H) Hell (Z) Zot
Where to? (Tab/Enter - D:1 @ (x,y), ? - help)
There is a staircase leading out of the dungeon here.
You have escaped!

.......#####.......###.#
..........##..###### #.#
.#.##.###.##..###### #.#
.#.##'###.##.......###.#
.......##.###.......##.#
.......##.# ######..##.#
.......##.# ###..#..##.#
.......##.###.......##.#####
.......##.##....@..###.#...#
#......##.##..#..### #.#.#.#
.......##.##..###### #.#.#.#
.#....###.##.......###?#.#.#
.###### #.###.......##.#.#.# .#
#.# ######..##...#.# .########.#
######..##.###.######
..........###.......##...........
.....#######.......###.###.######


There were no monsters in sight!

Vanquished Creatures
  An ancient lich (Depths:3)
  An orb of fire (Zot:4)
  2 Killer Klowns (Zot:4)
  A curse toe (Zot:4)
  11 caustic shrikes
  8 golden dragons
  A bone dragon (Depths:4)
  2 electric golems (Zot:4)
  Jorgrun (Shoals:3)
  12 tentacled monstrosities
  A deep elf blademaster (Elf:3)
  2 liches
  4 titans
  2 quicksilver dragons
  3 deep elf master archers
  10 Orb Guardians
  3 sphinxes
  Agnes (Elf:1)
  Gastronok (Lair:1)
  An ancient champion (Vaults:2)
  7 death cobs
  8 tengu reavers (Vaults:5)
  A thorn hunter (WizLab)
  7 shadow dragons
  13 storm dragons
  Donald (Elf:1)
  A draconian knight (Zot:4)
  3 draconian monks
  Aizul (Snake:1)
  Kirke (Lair:5)
  3 fenstrider witches (WizLab)
  A nagaraja (Snake:4)
  3 protean progenitors
  9 frost giants
  6 deep elf sorcerers
  5 fire giants
  A balrug (Depths:2)
  A ghost moth (Zot:5)
  19 vault wardens
  A draconian shifter (Zot:1)
  4 deep elf elementalists (Elf:3)
  3 orc warlords
  4 draconian scorchers
  3 draconian stormcallers
  A spriggan defender (Depths:3)
  A draconian annihilator (Zot:4)
  11 stone giants
  15 very ugly things
  19 ironbound preservers
  7 ironbound thunderhulks
  2 formless jellyfish
  2 vampire knights
  8 green draconians
  6 black draconians
  9 white draconians
  4 deep elf death magi
  An eleionoma (WizLab)
  5 red draconians
  2 war gargoyles (Vaults:5)
  7 yellow draconians
  11 dire elephants
  4 deep elf demonologists
  5 spark wasps
  10 deep elf annihilators
  7 purple draconians
  8 merfolk impalers
  13 ettins
  6 fire dragons
  A merfolk javelineer (Shoals:4)
  9 deep elf high priests
  An entropy weaver (Vaults:3)
  4 shambling mangroves (WizLab)
  15 yaktaur captains
  37 vault guards
  9 great orbs of eyes
  6 rakshasas
  10 ice dragons
  10 salamander tyrants
  3 merfolk avatars
  6 hydras
  3 spriggan air magi
  4 anacondas
  5 death knights
  A catoblepas (Lair:2)
  2 ogre magi (Vaults:4)
  18 centaur warriors
  13 ironbound frosthearts
  Erica (D:9)
  29 dancing weapons
  4 merfolk aquamancers
  10 death yaks
  5 satyrs
  4 deep troll earth magi
  An alligator (Zot:3)
  5 boulder beetles
  3 vampire magi
  5 two-headed ogres
  11 naga sharpshooters
  Urug (Orc:2)
  7 tengu warriors
  A deep troll shaman (Depths:1)
  12 naga warriors
  An orc high priest (Orc:2)
  5 occultists
  9 shock serpents
  2 spriggan berserkers
  20 deep elf knights
  3 sun demons
  Sonja (D:11)
  Nergalle (D:10)
  3 skysharks
  4 iron trolls
  A sixfirhy (Zot:1)
  8 skeletal warriors
  3 salamander mystics
  A swamp dragon (shapeshifter) (D:13)
  4 mana vipers
  4 glowing orange brains
  21 deep elf archers
  64 deep trolls
  5 thermic dynamos
  A flayed ghost (Depths:3)
  5 naga ritualists
  6 orc knights
  4 sea snakes
  A swamp dragon (Lair:3)
  A kraken simulacrum (Shoals:4)
  6 arcanists
  14 harpies
  4 phantasmal warriors (Vaults:5)
  3 lindwurms
  25 deep elf pyromancers
  A lightning spire (Elf:1)
  An oklob plant (WizLab)
  15 ironbound convokers
  8 large abominations (Depths:3)
  3 orc sorcerers
  22 deep elf zephyrmancers
  2 necromancers (Vaults:4)
  8 cyclopes
  25 salamanders
  16 fauns
  A human zombie (Vaults:4)
  A manticore (shapeshifter) (Vaults:5)
  43 ugly things
  17 manticores
  23 moths of wrath
  A stone giant zombie (Vaults:4)
  15 elephants
  3 meliai (D:15)
  2 kobold blastminers (Orc:1)
  5 guardian serpents
  6 merfolk sirens
  12 naga magi
  A smoke demon (Lair:5)
  21 black mambas
  A human skeleton (Vaults:4)
  2 water nymphs (shapeshifter)
  2 water nymphs
  23 vault sentinels
  3 orange demons
  5 gargoyles
  12 cane toads
  3 freezing wraiths
  3 unseen horrors
  A komodo dragon (shapeshifter) (D:13)
  35 yaktaurs
  Jeremiah (D:7)
  13 komodo dragons
  4 tengu conjurers
  An efreet (D:15)
  3 rime drakes
  2 tormentors
  3 ice devils (Lair:5)
  A red devil (Lair:5)
  A yaktaur skeleton (Vaults:4)
  A merfolk (shapeshifter) (Depths:1)
  30 merfolk
  5 trolls
  3 wind drakes (Shoals:4)
  A glass eye (shapeshifter) (Elf:2)
  Grinder (D:3)
  A hornet (shapeshifter) (D:13)
  7 hornets
  9 blink frogs
  9 snapping turtles
  2 blink frogs (shapeshifter) (D:13)
  29 dream sheep
  23 slime creatures
  A spriggan (shapeshifter) (D:13)
  Sigmund (D:2)
  11 air elementals
  2 spriggans (Depths:3)
  A vampire (D:13)
  6 centaur simulacra
  3 wraiths
  26 yaks
  2 shadows
  4 wyverns
  3 fire elementals
  3 hogs (Lair:5)
  7 humans
  12 water elementals
  2 wargs (Orc:1)
  6 vampire mosquitoes
  2 redbacks (Vaults:3)
  A steam dragon (D:8)
  9 basilisks
  A chaos spawn (Depths:3)
  2 acid dragons
  32 nagas
  4 hell hounds (Lair:5)
  A swamp worm (shapeshifter) (Vaults:5)
  15 water moccasins
  3 ice beasts
  30 orc warriors
  2 swamp drakes
  6 ogres
  15 wolves
  15 centaurs
  A wolf (shapeshifter) (D:13)
  A phantom (D:6)
  2 kobold brigands
  4 bullfrogs
  A gnoll sergeant (D:9)
  4 scorpions
  2 earth elementals
  6 water moccasin zombies (Ossuary)
  4 small abominations (Depths:3)
  16 wights
  A burial acolyte (Ossuary)
  An electric eel (D:15)
  3 howler monkeys
  2 lava snakes (Lair:3)
  2 jellies (D:6)
  3 hounds
  A gnoll bouda (D:6)
  20 orc priests
  A spectral scorpion (Ossuary)
  Crazy Yiuf (D:7)
  An iguana (D:5)
  25 orc wizards
  A bullfrog simulacrum (Ossuary)
  2 mummies (Ossuary)
  10 adders
  21 gnolls
  4 river rats
  A shadow imp (D:6)
  4 white imps
  5 ufetubi
  5 adder zombies (Ossuary)
  3 ribbon worms
  6 dart slugs
  77 orcs
  11 bats
  12 endoplasms
  5 giant cockroaches
  9 gnoll zombies (Ossuary)
  5 goblins
  6 hobgoblins
  2 jackals (Sewer)
  12 kobolds
  4 quokkas
  13 ball pythons
  6 frilled lizards
  5 jackal zombies (Ossuary)
  3 orc zombies (Ossuary)
  4 rats
  An aspiring flesh (Zot:3)
  A tentacle (Shoals:4)
1884 creatures vanquished.

Vanquished Creatures (collateral kills)
  2 death yaks (Lair:4)
  2 harpies (Shoals:3)
  2 manticores (Shoals:3)
  Psyche (D:8)
  A wind drake (Shoals:3)
  A water moccasin (Lair:4)
  A wolf (Lair:4)
10 creatures vanquished.

Vanquished Creatures (others)
  A war gargoyle (Vaults:5)
  A deep elf archer (Elf:3)
  3 lightning spires (Elf:1)
  A dream sheep (Lair:5)
  2 humans (Lair:5)
  22 foxfires (D:9)
  3 tentacles (Shoals:4)
33 creatures vanquished.

Grand Total: 1927 creatures vanquished

Notes
Turn   | Place    | Note
-------+----------+-------------------------------------------
     0 | D:1      | EnegeticOcto the Coglin Cinder Acolyte began the quest for
                  | the Orb.
     0 | D:1      | Reached XP level 1. HP: 18/18 MP: 2/2
    80 | D:1      | Reached skill level 1 in Stealth
   128 | D:1      | Reached XP level 2. HP: 24/24 MP: 3/3
   449 | D:1      | Reached skill level 2 in Stealth
   739 | D:1      | Reached XP level 3. HP: 29/29 MP: 4/4
   930 | D:1      | Learned a level 2 spell: Scorch
  1045 | D:2      | Noticed Sigmund
  1734 | D:2      | Reached XP level 4. HP: 35/35 MP: 5/5
  1863 | D:2      | Learned a level 1 spell: Summon Small Mammal
  2297 | D:3      | Noticed Grinder
  2374 | D:3      | Reached skill level 4 in Axes
  2394 | D:3      | Reached skill level 3 in Stealth
  2404 | D:3      | Reached XP level 5. HP: 18/41 MP: 0/6
  2481 | D:3      | Found a glowing drain.
  2490 | Sewer    | Entered a sewer
  3643 | D:2      | Reached skill level 5 in Axes
  3643 | D:2      | Reached XP level 6. HP: 47/47 MP: 0/7
  4200 | D:3      | Reached skill level 4 in Fighting
  4688 | D:4      | Reached XP level 7. HP: 55/55 MP: 3/8
  5257 | D:4      | Reached skill level 6 in Axes
  5433 | D:4      | Reached skill level 5 in Fighting
  6069 | D:5      | Entered Level 5 of the Dungeon
  6088 | D:5      | Found a sand-covered staircase.
  6177 | Ossuary  | Entered an ossuary
  6224 | Ossuary  | Reached skill level 7 in Axes
  6331 | Ossuary  | Reached XP level 8. HP: 43/63 MP: 4/9
  6580 | Ossuary  | Reached skill level 6 in Fighting
  7893 | D:5      | Reached skill level 8 in Axes
  8166 | D:6      | Found Yggediakk's Magic Scroll Shoppe.
  8173 | D:6      | Bought a scroll of revelation for 82 gold pieces
  8173 | D:6      | Bought 3 scrolls of identify for 66 gold pieces
  8173 | D:6      | Bought a scroll of identify for 22 gold pieces
  8369 | D:6      | Reached skill level 7 in Fighting
  8408 | D:6      | Reached skill level 1 in Polearms
  8635 | D:6      | Reached skill level 2 in Polearms
  8635 | D:6      | Reached XP level 9. HP: 42/72 MP: 5/10
  8903 | D:6      | Reached skill level 3 in Polearms
  9278 | D:6      | Reached skill level 4 in Polearms
  9952 | D:2      | Killed Sigmund
  9953 | D:2      | Reached skill level 8 in Fighting
  9953 | D:2      | Reached skill level 5 in Polearms
 10062 | D:3      | Killed Grinder
 10240 | D:7      | Identified the +0 chain mail of Time Monsters {rElec Str+5
                  | Int-5 Dex-2}
 10342 | D:7      | Noticed Jeremiah
 10388 | D:7      | Killed Jeremiah
 10389 | D:7      | Reached skill level 1 in Armour
 10389 | D:7      | Reached skill level 1 in Evocations
 10646 | D:7      | Noticed a hornet
 10666 | D:7      | Reached skill level 6 in Polearms
 10666 | D:7      | Reached skill level 2 in Evocations
 10916 | D:7      | Reached XP level 10. HP: 82/82 MP: 11/11
 11126 | D:7      | Found a staircase to the Ecumenical Temple.
 11165 | D:7      | Reached skill level 2 in Armour
 11165 | D:7      | Reached skill level 3 in Evocations
 11402 | D:7      | Found a runed translucent gate.
 11402 | D:7      | Found a runed translucent gate.
 11402 | D:7      | Found a runed translucent gate.
 11402 | D:7      | Noticed a manticore
 11402 | D:7      | Noticed a manticore
 11403 | D:7      | Noticed a manticore
 11403 | D:7      | Noticed a death yak
 11440 | D:7      | Found a runed translucent door.
 11441 | D:7      | Noticed Crazy Yiuf
 11993 | D:8      | Noticed Psyche
 12001 | D:8      | Killed Psyche
 12002 | D:8      | Reached skill level 4 in Evocations
 12137 | D:8      | Reached skill level 7 in Polearms
 12738 | D:9      | Noticed a two-headed ogre
 12745 | D:9      | Killed a two-headed ogre
 12746 | D:9      | Reached skill level 9 in Fighting
 12746 | D:9      | Reached skill level 3 in Armour
 12824 | D:9      | Noticed Erica
 12999 | D:6      | Bought a scroll of immolation for 44 gold pieces
 13444 | D:9      | Killed Erica
 13445 | D:9      | Reached skill level 5 in Evocations
 13629 | D:9      | Found a roughly hewn altar of Beogh.
 13671 | D:9      | Reached skill level 8 in Polearms
 13671 | D:9      | Reached skill level 4 in Armour
 13859 | D:9      | Reached XP level 11. HP: 62/88 MP: 12/12
 14052 | D:10     | Entered Level 10 of the Dungeon
 14163 | D:10     | Noticed a five-headed hydra
 14170 | D:10     | Killed a five-headed hydra
 14323 | D:10     | Found a hide-covered altar of Uskayaw.
 14323 | D:10     | Found a radiant altar of Vehumet.
 14323 | D:10     | Found a shimmering altar of Xom.
 14648 | D:10     | Reached skill level 9 in Polearms
 15521 | D:11     | Found a staircase to the Lair.
 15731 | D:11     | Reached skill level 10 in Fighting
 15809 | D:11     | Noticed Nergalle
 16269 | D:10     | Killed Nergalle
 16270 | D:10     | Reached skill level 6 in Evocations
 16983 | D:11     | Noticed a boulder beetle
 16984 | D:11     | Noticed Sonja
 16989 | D:11     | Killed a boulder beetle
 16995 | D:11     | Killed Sonja
 16996 | D:11     | Reached skill level 10 in Polearms
 16996 | D:11     | Reached skill level 7 in Evocations
 17045 | D:11     | Found a staircase to the Orcish Mines.
 17363 | D:7      | Killed Crazy Yiuf
 17536 | Lair:1   | Entered Level 1 of the Lair of Beasts
 17988 | D:11     | Found a staircase to the Lair.
 18459 | Lair:1   | Noticed Gastronok
 18471 | Lair:1   | Killed Gastronok
 18472 | Lair:1   | Reached skill level 8 in Evocations
 18609 | Lair:1   | Reached XP level 12. HP: 91/97 MP: 13/13
 18623 | Lair:1   | Reached skill level 11 in Polearms
 18774 | Lair:1   | Gained mutation: Your flesh is cold resistant. (rC+)
                  | [potion of mutation]
 18774 | Lair:1   | Gained mutation: You are robust. (+10% HP) [potion of
                  | mutation]
 18941 | Lair:1   | Reached skill level 9 in Evocations
 19386 | Lair:2   | Noticed a boulder beetle
 19397 | Lair:2   | Killed a boulder beetle
 19501 | Lair:2   | Noticed a four-headed hydra
 19508 | Lair:2   | Killed a four-headed hydra
 19509 | Lair:2   | Reached skill level 12 in Polearms
 19815 | Lair:2   | Noticed a catoblepas
 19833 | Lair:2   | Killed a catoblepas
 20333 | Lair:2   | Reached skill level 13 in Polearms
 20484 | Lair:2   | Found a staircase to the Shoals.
 20915 | Lair:3   | Noticed a death yak
 20915 | Lair:3   | Noticed a death yak
 20915 | Lair:3   | Noticed a death yak
 20915 | Lair:3   | Noticed a death yak
 20915 | Lair:3   | Noticed Ycul's ghost (journeyman HOFi)
 20915 | Lair:3   | Noticed Lymel's ghost (journeyman TrWr)
 20915 | Lair:3   | Noticed Xuem Ism's ghost (journeyman DrBe)
 20915 | Lair:3   | Noticed Luxefos's ghost (journeyman MDFE)
 20915 | Lair:3   | Found a runed translucent gate.
 20915 | Lair:3   | Found a runed translucent gate.
 20915 | Lair:3   | Found a runed translucent gate.
 21093 | Lair:3   | Reached skill level 1 in Throwing
 21093 | Lair:3   | Reached skill level 1 in Dodging
 21260 | Lair:3   | Reached XP level 13. HP: 84/114 MP: 14/14
 21449 | Lair:3   | Reached skill level 2 in Throwing
 21449 | Lair:3   | Reached skill level 2 in Dodging
 21541 | Lair:3   | Found a staircase to the Snake Pit.
 21705 | Lair:3   | Reached skill level 11 in Fighting
 21717 | Lair:3   | Reached skill level 5 in Armour
 22359 | Lair:3   | Reached skill level 10 in Evocations
 22395 | Lair:3   | Reached skill level 3 in Throwing
 22405 | Lair:3   | Reached skill level 3 in Dodging
 22967 | Lair:4   | Reached skill level 4 in Throwing
 23088 | Lair:4   | Found a viscous altar of Jiyva.
 23089 | Lair:4   | Found a staircase to the Slime Pits.
 23183 | Lair:4   | Reached skill level 6 in Armour
 23183 | Lair:4   | Reached skill level 4 in Dodging
 23184 | Lair:4   | Reached skill level 12 in Fighting
 23744 | Lair:4   | Reached XP level 14. HP: 126/126 MP: 15/15
 23746 | Lair:4   | Acquired a gyroassembler Mk.84 {AutoDazzle, rPois rCorr
                  | Slay+3}
 24163 | Lair:4   | Reached skill level 11 in Evocations
 24561 | Lair:5   | Entered Level 5 of the Lair of Beasts
 24849 | Lair:5   | Noticed Kirke
 24861 | Lair:5   | Killed Kirke
 24862 | Lair:5   | Reached skill level 5 in Throwing
 24960 | Lair:5   | Reached skill level 5 in Dodging
 25159 | Lair:5   | Noticed a dire elephant
 25175 | Lair:5   | Killed a dire elephant
 25176 | Lair:5   | Reached skill level 13 in Fighting
 25457 | Lair:5   | Reached skill level 7 in Armour
 25504 | Lair:5   | Found a burning altar of Makhleb.
 25536 | Lair:5   | Found a gateway to Hell.
 25675 | Lair:5   | Noticed a dire elephant
 25688 | Lair:5   | Killed a dire elephant
 25954 | Lair:5   | Reached skill level 12 in Evocations
 26294 | D:6      | Bought a scroll of teleportation for 33 gold pieces
 26294 | D:6      | Bought a scroll of teleportation for 33 gold pieces
 26294 | D:6      | Bought a scroll of teleportation for 33 gold pieces
 26512 | Orc:1    | Entered Level 1 of the Orcish Mines
 26747 | Orc:1    | Found a bloodstained altar of Trog.
 27136 | Orc:2    | Entered Level 2 of the Orcish Mines
 27255 | Orc:2    | Reached skill level 6 in Throwing
 27346 | Orc:2    | Reached XP level 15. HP: 136/136 MP: 16/16
 27496 | Orc:2    | Found a staircase to the Elven Halls.
 27611 | Orc:2    | Noticed an orc warlord
 27629 | Orc:2    | Killed an orc warlord
 27647 | Orc:2    | Reached skill level 6 in Dodging
 27726 | Orc:2    | Noticed Urug
 27740 | Orc:2    | Killed Urug
 27938 | Orc:2    | Found a roughly hewn altar of Beogh.
 28026 | Orc:2    | Found Tuokk's Antique Weapon Shoppe.
 28129 | Orc:2    | Found Xoukyduy's General Store.
 28135 | Orc:2    | Bought a scroll of blinking for 97 gold pieces
 28212 | Orc:2    | Found Goishaur's Book Shoppe.
 28227 | Orc:2    | Found Pedausha's Antique Armour Shoppe.
 28234 | Orc:2    | Bought a pair of twisted gloves for 323 gold pieces
 28234 | Orc:2    | Identified the +2 pair of gloves "Macwio" {Will+} (You
                  | bought it in a shop on level 2 of the Orcish Mines)
 28375 | Orc:2    | Bought a twisted plate armour for 952 gold pieces
 28375 | Orc:2    | Identified the +1 plate armour of Amorality {Will++ Str+5
                  | Int-2} (You bought it in a shop on level 2 of the Orcish
                  | Mines)
 28534 | D:12     | Reached skill level 14 in Fighting
 28853 | D:12     | Found an iron altar of Okawaru.
 29345 | D:13     | Identified the +1 robe of the Zebra {^Drain rN++ Dex+5}
 29346 | D:13     | Found a runed translucent door.
 29461 | D:13     | Reached skill level 8 in Armour
 30272 | D:13     | Reached skill level 13 in Evocations
 30374 | D:13     | Reached skill level 7 in Throwing
 31204 | D:13     | Reached skill level 7 in Dodging
 31274 | D:13     | Identified the +1 robe "Etuobrynt" {^Contam rPois Stlth+}
 31562 | D:14     | Reached skill level 15 in Fighting
 31898 | D:14     | Reached XP level 16. HP: 149/149 MP: 17/17
 32117 | D:14     | Found a gate to the Vaults.
 32763 | D:14     | Reached skill level 9 in Armour
 32816 | D:14     | Found a bloodstained altar of Trog.
 32899 | D:15     | Entered Level 15 of the Dungeon
 33121 | D:15     | Reached skill level 8 in Throwing
 33228 | D:15     | Reached skill level 14 in Evocations
 33282 | D:15     | Found a staircase to the Depths.
 33821 | D:15     | Reached skill level 8 in Dodging
 34149 | D:15     | Found a portal to a secret trove of treasure.
 34657 | D:13     | Reached skill level 16 in Fighting
 34812 | D:13     | Identified the +0 chain mail of Qazlal's Reproof {rC+
                  | Int+3}
 34820 | D:13     | Identified the ring of Acsaduere {rPois rN+ SInv}
 34923 | Shoals:1 | Entered Level 1 of the Shoals
 34924 | Shoals:1 | Upgraded the game from 0.32-a0-960-g3814254bd7 to
                  | 0.32-a0-968-g61e5eb5241
 35567 | Shoals:1 | Reached XP level 17. HP: 148/159 MP: 18/18
 35983 | Shoals:1 | Identified a scroll of acquirement
 35984 | Shoals:1 | Acquired a +1 demon trident of venom
 36884 | Shoals:2 | Got Quhuil's Octavo of the Evil Eye
 37200 | Shoals:2 | Reached skill level 9 in Throwing
 37325 | Shoals:3 | Reached skill level 10 in Armour
 37720 | Shoals:3 | Reached skill level 15 in Evocations
 37960 | Shoals:3 | Noticed Jorgrun
 37968 | Shoals:3 | Killed Jorgrun
 38329 | Shoals:4 | Entered Level 4 of the Shoals
 38428 | Shoals:4 | Reached skill level 9 in Dodging
 38536 | Shoals:4 | Reached skill level 17 in Fighting
 39414 | Shoals:4 | Got a barnacled rune of Zot
 40479 | Shoals:4 | Got the Folio of the Mind
 40655 | Snake:1  | Entered Level 1 of the Snake Pit
 40870 | Snake:1  | Identified the ring "Noluv" {rF+ Will+ MP+9 Str+3 Int+3}
 41035 | Snake:1  | Found a snail-covered altar of Cheibriados.
 41048 | Snake:1  | Reached XP level 18. HP: 155/170 MP: 19/19
 41158 | Snake:1  | Identified the serpent talisman of Ferocious the Good {rC-
                  | Will+ rCorr Dex+3}
 41158 | Snake:1  | Noticed Aizul
 41169 | Snake:1  | Killed Aizul
 41989 | Snake:2  | Identified the +0 robe of the Fiend {Harm +Inv Dex+3}
 42140 | Snake:2  | Reached skill level 10 in Throwing
 42332 | Snake:2  | Found Niuxkof's Neck Hole.
 42345 | Snake:2  | Bought a +2 cloak of stealth for 258 gold pieces
 42649 | D:6      | Bought a scroll of enchant weapon for 82 gold pieces
 42915 | Orc:2    | Bought 6 curare-tipped darts for 93 gold pieces
 43562 | Snake:3  | Reached skill level 16 in Evocations
 43699 | Snake:3  | Reached skill level 11 in Armour
 43703 | Snake:3  | Reached skill level 18 in Fighting
 43827 | Snake:3  | Found Dimulabb's Distillery.
 43829 | Snake:3  | Found Ycwuotio's Book Boutique.
 43831 | Snake:3  | Found Mubyttoq's Jewellery Shop.
 43843 | Snake:3  | Bought a potion of cancellation for 96 gold pieces
 43843 | Snake:3  | Bought a potion of curing for 36 gold pieces
 43843 | Snake:3  | Bought a potion of curing for 36 gold pieces
 43843 | Snake:3  | Bought a potion of cancellation for 96 gold pieces
 43843 | Snake:3  | Bought a potion of curing for 36 gold pieces
 43843 | Snake:3  | Bought a potion of curing for 36 gold pieces
 44387 | Snake:3  | Found Otteon's Antique Weapon Shoppe.
 44532 | Snake:3  | Reached skill level 10 in Dodging
 45473 | Snake:4  | Entered Level 4 of the Snake Pit
 46543 | Snake:4  | Found Baudgh's Jewellery Shop.
 46544 | Snake:4  | Found Arexisa's Book Emporium.
 46544 | Snake:4  | Found Anizy's Book Emporium.
 47358 | Snake:4  | Noticed a quicksilver dragon
 47374 | Snake:4  | Killed a quicksilver dragon
 47375 | Snake:4  | Reached XP level 19. HP: 151/181 MP: 20/20
 47448 | Snake:4  | Got a serpentine rune of Zot
 47778 | D:15     | You paid a toll of 17 potions of curing to enter a treasure
                  | trove
 47779 | Trove    | Entered a treasure trove
 47783 | Trove    | Identified the +0 pair of gloves of the Snake Pit {Harm
                  | SInv}
 47784 | Trove    | Identified the +0 pair of gloves of Dawn {rN+ Str+4 Slay-6}
 47785 | Trove    | Identified the +1 cloak "Riykaqyi" {rC+++ Int-4 Dex+4}
 47788 | Trove    | Found the +2 pair of slick slippers {slick, slippery, EV+4}
 47790 | Trove    | Identified the +0 chain mail of Neoca {^Contam Will+ Dex+2}
 47792 | Trove    | Identified the +0 pair of boots of Vukhah {rF+ rC+}
 47807 | Trove    | Identified the +5 helmet of the Leaf {Str+3}
 47820 | Trove    | Identified the +1 plate armour "Dihoes" {Fly rElec rPois
                  | Int-2}
 47824 | Trove    | Identified the +12 crystal plate armour of Lodoq {rF++
                  | Will+ Str+3 SInv}
 47835 | Trove    | Identified the orb "Qeuzem" {light, Str+3 Dex+6}
 47836 | Trove    | Identified the +4 kite shield of Jomots {^Drain Will+
                  | Dex+4}
 48064 | Elf:1    | Entered Level 1 of the Elven Halls
 48152 | Elf:1    | Reached skill level 11 in Throwing
 48152 | Elf:1    | Paralysed by an air elemental for 1 turns
 48153 | Elf:1    | Reached skill level 17 in Evocations
 48156 | Elf:1    | Paralysed by an air elemental for 1 turns
 48160 | Elf:1    | Paralysed by an air elemental for 1 turns
 48166 | Elf:1    | Reached skill level 19 in Fighting
 48297 | Elf:1    | Noticed Agnes
 48303 | Elf:1    | Killed Agnes
 48370 | Elf:1    | Found Soguwaw's Antique Weapon Emporium.
 48552 | Elf:1    | You fall into a shaft and drop 1 floor!
 48715 | Elf:2    | Reached skill level 12 in Armour
 48752 | Elf:2    | Found a runed translucent gate.
 48752 | Elf:2    | Found a runed translucent gate.
 48752 | Elf:2    | Found a runed translucent gate.
 48924 | Elf:2    | Noticed a Hell Sentinel
 49002 | Elf:2    | Paralysed by an air elemental for 1 turns
 49107 | Elf:2    | Found a magical portal.
 49133 | WizLab   | Entered Eringya's Formal Garden
 49564 | WizLab   | Reached skill level 13 in Armour
 49564 | WizLab   | Reached XP level 20. HP: 193/193 MP: 21/21
 49692 | WizLab   | Got Eringya's Folio of Decomposition
 49997 | WizLab   | Found a blossoming altar of Fedhas.
 50706 | Elf:2    | Reached skill level 20 in Fighting
 50713 | Elf:2    | Reached skill level 18 in Evocations
 50869 | Elf:2    | Reached skill level 12 in Throwing
 50869 | Elf:2    | Reached XP level 21. HP: 201/201 MP: 22/22
 51515 | Elf:1    | Found a runed translucent door.
 51530 | Elf:1    | Paralysed by an air elemental for 1 turns
 51543 | Elf:1    | Paralysed by an air elemental for 1 turns
 51548 | Elf:1    | Paralysed by an air elemental for 1 turns
 52168 | Elf:1    | Identified the +4 storm dragon scales of Grace {^Contam
                  | rElec Int+5}
 52171 | Elf:1    | Identified the staff "Orb Guardian's Foe" {rElec rC- rCorr
                  | Summ Air Earth}
 52256 | Elf:1    | Reached skill level 14 in Armour
 52403 | Elf:3    | Entered Level 3 of the Elven Halls
 53323 | Elf:3    | Identified the +2 chain mail of Abstinence {rElec rF+ rN+
                  | Int+4}
 53379 | Elf:3    | Reached skill level 15 in Armour
 54978 | Elf:3    | Identified the +4 halberd "Cuseb" {heavy, *Noise rC+ Str-3
                  | Dex+7}
 55129 | Elf:3    | Reached skill level 16 in Armour
 55723 | Elf:3    | Identified the serpent talisman "Bafoch" {Will- Str+6
                  | Slay+2 Stlth-}
 55854 | Elf:3    | Identified the +1 leather armour "Ushrimupha" {rF+ rC+
                  | Regen+ Str-4}
 55975 | Elf:1    | Noticed Donald
 55987 | Elf:1    | Killed Donald
 56313 | Snake:3  | Bought a potion of resistance for 120 gold pieces
 56313 | Snake:3  | Bought a potion of mutation for 96 gold pieces
 56547 | Vaults:1 | Entered Level 1 of the Vaults
 56557 | Vaults:1 | Identified the +0 scale mail "Dyul" {rC+ Stlth+}
 57529 | Vaults:1 | Reached skill level 17 in Armour
 57927 | Vaults:2 | Reached XP level 22. HP: 209/209 MP: 23/23
 58365 | Vaults:2 | Reached skill level 18 in Armour
 59496 | Vaults:2 | Found a staircase to the Crypt.
 59793 | Vaults:2 | Identified the +12 flail of Decaedd {drain, rF- rC+ Int+7
                  | Stlth+}
 59814 | Vaults:3 | Found a flickering gateway to a bazaar.
 59823 | Bazaar   | Entered a bazaar
 59823 | Bazaar   | Found Edupt's Weapon Shoppe.
 59823 | Bazaar   | Found Decwagak's Book Boutique.
 59823 | Bazaar   | Found Zeqeam's Armour Shoppe.
 59823 | Bazaar   | Found Cuthroifih's Weapon Shop.
 59825 | Bazaar   | Found Circh's Antique Weapon Shop.
 59856 | Bazaar   | Bought 5 curare-tipped darts for 60 gold pieces
 59948 | Vaults:3 | Reached skill level 19 in Armour
 60963 | Vaults:3 | Reached skill level 20 in Armour
 61824 | Vaults:4 | Got Tarolih's Lectures on Concussion
 61828 | Vaults:4 | Got the Disquisition on Hypothermic Aeromancy
 61861 | Vaults:4 | Got the Quarto of Fate
 61919 | Vaults:4 | Identified the +7 scimitar of the Flying Philosopher
                  | {drain, Str+2}
 61926 | Vaults:4 | Reached XP level 23. HP: 197/210 MP: 24/24
 61945 | Vaults:4 | Acquired 984 gold pieces
 62540 | Vaults:4 | Reached skill level 21 in Armour
 62999 | Depths:1 | Entered Level 1 of the Depths
 63014 | Depths:1 | Found Nuetes's Antique Weapon Boutique.
 63014 | Depths:1 | Found Hufissae's Distillery.
 63016 | Depths:1 | Found Tagot's Weapon Boutique.
 63017 | Depths:1 | Found Ammiescha's Book Shop.
 63035 | Depths:1 | Bought a potion of enlightenment for 55 gold pieces
 63035 | Depths:1 | Bought a potion of haste for 110 gold pieces
 63035 | Depths:1 | Bought a potion of curing for 33 gold pieces
 63035 | Depths:1 | Bought a potion of enlightenment for 55 gold pieces
 63035 | Depths:1 | Bought a potion of curing for 33 gold pieces
 63035 | Depths:1 | Bought a potion of mutation for 88 gold pieces
 63362 | Depths:1 | Found an ornate altar of the Wu Jian Council.
 63480 | Depths:1 | Found an opulent altar of Gozag.
 63924 | Depths:1 | Reached skill level 22 in Armour
 63977 | Depths:1 | Found a one-way gate leading to the halls of Pandemonium.
 64103 | Depths:2 | Found a one-way gate to the infinite horrors of the Abyss.
 65320 | Depths:2 | Noticed a juggernaut
 65320 | Depths:2 | Found a runed translucent door.
 65792 | Depths:3 | Found a one-way gateway to a ziggurat.
 65805 | Depths:3 | Noticed an ancient lich
 65823 | Depths:3 | Killed an ancient lich
 65824 | Depths:3 | Reached skill level 23 in Armour
 65909 | Depths:3 | Noticed a golden dragon
 65921 | Depths:3 | Killed a golden dragon
 65957 | Depths:3 | Noticed a caustic shrike
 65957 | Depths:3 | Noticed a golden dragon
 65965 | Depths:3 | Killed a caustic shrike
 65966 | Depths:3 | Reached XP level 24. HP: 201/224 MP: 24/24
 66022 | Depths:3 | Identified the +8 falchion "Usmepuf" {flame, rElec rC+ rN+}
 66234 | Depths:3 | Found a shimmering blue altar of Sif Muna.
 66803 | Depths:4 | Entered Level 4 of the Depths
 66806 | Depths:4 | Noticed a caustic shrike
 66807 | Depths:4 | Noticed a caustic shrike
 66809 | Depths:4 | Noticed a caustic shrike
 66809 | Depths:4 | Noticed a caustic shrike
 66811 | Depths:4 | Noticed a caustic shrike
 66812 | Depths:4 | Killed a caustic shrike
 66818 | Depths:4 | Killed a caustic shrike
 66818 | Depths:4 | Killed a caustic shrike
 66819 | Depths:4 | Killed a caustic shrike
 66820 | Depths:4 | Killed a caustic shrike
 67019 | Depths:4 | Noticed a caustic shrike
 67021 | Depths:4 | Noticed a caustic shrike
 67021 | Depths:4 | Noticed a caustic shrike
 67022 | Depths:4 | Noticed a caustic shrike
 67024 | Depths:4 | Killed a caustic shrike
 67024 | Depths:4 | Noticed a caustic shrike
 67030 | Depths:4 | Killed a caustic shrike
 67037 | Depths:4 | Killed a caustic shrike
 67038 | Depths:4 | Killed a caustic shrike
 67039 | Depths:4 | Reached skill level 24 in Armour
 67047 | Depths:4 | Killed a caustic shrike
 67288 | Depths:4 | Identified the +0 ring mail of Classification {rF+ Str-3
                  | SInv}
 67480 | Depths:4 | Identified the +8 shortbow of Ripn {freeze, rC+ Int+2}
 67660 | Depths:4 | Found a stormy altar of Qazlal.
 67694 | Depths:4 | Found a gate to the Realm of Zot.
 68015 | Vaults:5 | Entered Level 5 of the Vaults
 68031 | Vaults:5 | Identified the ring of Suspected Treachery {*Slow rN+
                  | Will++ Str+3 SInv}
 68402 | Vaults:5 | Reached skill level 25 in Armour
 70099 | Vaults:5 | Reached XP level 25. HP: 215/231 MP: 24/24
 70832 | Vaults:5 | Reached skill level 26 in Armour
 71391 | Vaults:5 | Identified the +7 halberd of the Big Bang {speed, +Blink
                  | rPois rC- Int-3}
 71511 | Vaults:5 | Identified the +7 morningstar of a Thousand Beds {protect,
                  | Dex+3}
 71950 | Vaults:5 | Identified the +0 ring mail "Put-Me-On" {Will+ Int+3}
 72221 | Vaults:5 | Got a silver rune of Zot
 72668 | Zot:1    | Entered Level 1 of the Realm of Zot
 73710 | Zot:1    | Reached skill level 27 in Armour
 73942 | Zot:1    | Found Horabism's Changing Room.
 73950 | Zot:1    | Identified the +1 scale mail of the Ageless Cities {Str+2}
 73961 | Zot:1    | Bought 2 potions of mutation for 240 gold pieces
 73961 | Zot:1    | Bought a potion of mutation for 120 gold pieces
 73961 | Zot:1    | Bought a wand of polymorph (7) for 147 gold pieces
 74001 | Zot:1    | Found a transporter.
 74003 | Zot:1    | Identified the orb of Modern Fun {*channel, rF++ Will-
                  | rCorr Dex+4}
 74124 | Zot:1    | Found a transporter.
 75136 | Zot:4    | Reached skill level 19 in Evocations
 75515 | Zot:4    | Reached XP level 26. HP: 164/242 MP: 24/24
 75747 | Zot:4    | Noticed a Killer Klown
 75765 | Zot:4    | Killed a Killer Klown
 75949 | Zot:4    | Noticed a Killer Klown
 75958 | Zot:4    | Killed a Killer Klown
 76167 | Zot:4    | Reached skill level 21 in Fighting
 76481 | Zot:4    | Reached skill level 20 in Evocations
 76712 | Zot:4    | Noticed an orb of fire
 76712 | Zot:4    | Gained mutation: You are weak. (Str -2) [an orb of fire]
 76725 | Zot:4    | Killed an orb of fire
 76918 | Zot:4    | Acquired 994 gold pieces
 76963 | Zot:5    | Entered Level 5 of the Realm of Zot
 77138 | Zot:5    | Found the +8 orange crystal plate armour {Archmagi, Int+3
                  | Clar}
 77142 | Zot:5    | Found a runed translucent door.
 77142 | Zot:5    | Noticed Ifoebbur's ghost (legendary KoDe)
 77910 | Zot:5    | Noticed an ancient lich
 77914 | Zot:5    | Noticed a dread lich
 77914 | Zot:5    | Noticed an orb of fire
 77914 | Zot:5    | Noticed a Killer Klown
 77914 | Zot:5    | Noticed a dread lich
 77914 | Zot:5    | Noticed a dread lich
 77918 | Zot:5    | Got the Orb of Zot
 78159 | Depths:3 | Noticed Qoaweasm the pandemonium lord
 78199 | Depths:2 | Reached skill level 21 in Evocations
 78352 | D:11     | Noticed Noxziles the pandemonium lord
 78589 | D:$      | Escaped with the Orb!

Illustrated notes

Levels and vault maps discovered:
D:1:      minmay_arrival_wavy_path, layout_basic
D:2:      layout_loops_corners, minmay_nonomino_d4, uniq_sigmund
D:3:      layout_rooms, portal_sewer_entry_b, uniq_grinder
D:4:      layout_cave_pools
D:5:      layout_loops_corners, nicolae_ossuary_entry_monument
D:6:      layout_loops_cross, serial_shops, shop, nicolae_tricolors
D:7:      lemuel_bear_cage, layout_basic, lemuel_temple_firewalk_b,
          uniq_jeremiah, uniq_crazy_yiuf_cottage
D:8:      layout_basic, uniq_psyche
D:9:      layout_roguey, special_room [special_room_orc], uniq_erica
D:10:     layout_layer_cave, gammafunk_temple_overflow_forgotten, minmay_holes
D:11:     layout_cave_pods, lair_entry_dummy, erik_orc_1, serial_column_ruins,
          column_ruins_hut, column_ruins_columns_straight,
          column_ruins_open_tiny, column_ruins_grid_1, column_ruins_grid_3,
          column_ruins_open_tiny, column_ruins_columns_dead_end,
          column_ruins_open_small, uniq_sonja, uniq_nergalle
D:12:     layout_roguey, okawaru_trees_2
D:13:     regret_index_reflect_refract, layout_loops_corners, minmay_st_funbox
D:14:     layout_roguey, grunt_vaults_entry_fortified, trog_three_pillars_becter
D:15:     grunt_enter_depths_hoard, layout_layer_cave, serial_ice, serial_ice_l,
          serial_ice_b, serial_ice_f, serial_ice_a, enter_trove_6
Lair:1:   layout_gridlike, uniq_gastronok
Lair:2:   layout_cave_pods, elwin_shoals_entry_rooms, beast_lair_carwin_1
Lair:3:   slaughterhouse, layout_hall_layers, nicolae_snake_entry_warm_welcome,
          serial_forest, infiniplex_forest_lined_room_3,
          infiniplex_forest_zigzag_2, infiniplex_forest_lined_corner,
          infiniplex_forest_clump_C, infiniplex_forest_lined_2,
          infiniplex_forest_end_2, infiniplex_forest_straight_5,
          infiniplex_forest_clump_curved, infiniplex_forest_clump_double,
          gammafunk_ghost_cemetery, pond
Lair:4:   layout_long_grid, minmay_slime_entry_oklob_open,
          cheibrodos_lair_reptile_den
Lair:5:   evil_forest, layout_gridlike, hangedman_lair_unloving_vines,
          uniq_kirke
Shoals:1: layout_shoals, nicolae_shoals_dead_sea_scrolls
Shoals:2: layout_shoals, abandoned_shop
Shoals:3: layout_shoals, uniq_jorgrun
Shoals:4: shoals_end_grunt_ice, layout_shoals, nicolae_shoals_wave_tunnel
Snake:1:  layout_concentric_octagons, basic_altar, uniq_aizul
Snake:2:  layout_grid_shapes, nicolae_shop_sticking_my_neck_out
Snake:3:  layout_chambers, serial_shops, nicolae_stop_n_shop_1,
          minmay_shop_star, lemuel_fruit_tree, serial_bayou_shore_b
Snake:4:  hellmonk_snake_rune_quicksilver_temple, layout_cave_town,
          minmay_shop_grove
Orc:1:    layout_diamond_mine, lemuel_statue_altar
Orc:2:    grunt_orc_cross, layout_caves
Elf:1:    layout_geoelf_grid, serial_shops, shop, minmay_elf_crystal_heptagon,
          hangedman_aerie_drop, uniq_agnes, uniq_donald
Elf:2:    elven_hall_of_blades_hangedman_original
          [nicolae_blade_entry_antechamber], layout_loops_cross,
          lightli_enter_wizlab_magi_temple
Elf:3:    minmay_elf_hall_spiked, layout_onion_city
Vaults:1: nicolae_vaults_shipping_containers_3,
          nicolae_vaults_doubleplus_tesselated, vaults_room_ringed_pool,
          vaults_room_octagon, nicolae_vaults_closet_pinwheel_1, v_rooms_5,
          vaults_mumra_minichess, ontoclasm_vaults_gateway,
          nicolae_vaults_house_1, nicolae_vaults_house_2, v_misc_8,
          nicolae_vaults_trapezoid_lopsided_1, nicolae_vaults_diamond_2,
          vaults_dpeg_hooks, nicolae_vaults_double_plus_1,
          layout_vaults_omnicross
Vaults:2: v_misc_10, nicolae_vaults_storage_closets_2, v_misc_19,
          hangedman_vaults_capsules, v_rooms_5,
          nicolae_vaults_storage_closets_1, ontoclasm_vaults_idyll,
          nicolae_vaults_sesquioval_fish, minmay_crypt_entry_simple_round,
          vaults_room_semicircle, layout_vaults_chaotic_city
Vaults:3: nicolae_vaults_tetromino_L_1, vaults_mumra_hexcomb,
          nicolae_vaults_circle_grid_a, nicolae_vaults_cochlea,
          nicolae_vaults_quartermaster, v_misc_18, nicolae_vaults_stepped_doors,
          nicolae_vaults_sesquioval_fish, layout_vaults_quadrants, serial_shops,
          freezing_bzr
Vaults:4: hangedman_vaults_river_flow, nicolae_vaults_layer_cake_slice,
          nicolae_vaults_tetromino_Z_2, vaults_mumra_hex,
          nicolae_vaults_library_corner, v_misc_31, nicolae_vaults_little_ls,
          nicolae_vaults_network_star, grunt_vaults_funnel,
          serial_library_hellmonk_big_corner, layout_vaults_omnibox
Vaults:5
Depths:1: layout_honeycomb, pf_vacation_house_of_asmodeus,
          nicolae_gozag_cash_rules_everything_around_me, grunt_pan_entry_zigzag,
          nicolae_wu_jian_immortal_techniques, minmay_shoptagon
Depths:2: minmay_gate_of_8, layout_cave_shapes, serial_bayou_lagoon_a,
          nicolae_abyss_entry_one_way_or_another, lightli_too_deep, pan_entry,
          grunt_decor_junction
Depths:3: minmay_fractal_lines_corner, layout_honeycomb, enter_ziggurat_b,
          minmay_room_of_horrors, grunt_hell_entry_dis_old,
          hellmonk_sif_muna_bookshelves, grunt_megastairs_3,
          infiniplex_staircase_spiral_double
Depths:4: grunt_zot_entry_gee_three, layout_cave_pools, hell_entry,
          nicolae_qazlal_eye_of_the_storm
Zot:1:    gammafunk_its_a_trap, layout_misc_corridors, st_small_dragon_hoard_2,
          nicolae_transmutations_shop
Zot:2:    layout_gridlike, regret_index_zotdec_banners, uniq_josephina
Zot:3:    layout_gridville
Zot:4:    grunt_zot_stairs_mandelzot, layout_gridville
Zot:5:    layout_cathedral_of_symmetry, gammafunk_ghost_grave,
          bh_zot_levy_curve, grunt_ministairs_13

Skill      XL: |  1  2  3  4  5  6  7  8  9 10 11 12 13 14 15 16 17 18 19 20 21 22 23 24 25 26 |
---------------+-------------------------------------------------------------------------------+-----
Stealth        | 1 2 3 |  3.0
Axes           | 4 5 7 8 |  8.2
Fighting       | 4 5 7 8 9 10 12 13 15 16 17 18 19 20 21 | 21.6
Polearms       | 2 6 8 10 13 | 13.2
Armour         | 1 4 6 7 8 9 10 11 13 17 20 23 25 27 | 27.0
Evocations     | 2 5 8 9 10 12 13 14 15 16 17 18 19 21 | 21.0
Throwing       | 1 4 6 7 8 9 10 11 12 | 12.0
Dodging        | 1 4 5 7 8 9 10 | 10.0
Spellcasting   | |  1.0
Fire Magic     | |  2.6

Action                     |  1- 3 |  4- 6 |  7- 9 | 10-12 | 13-15 | 16-18 | 19-21 | 22-24 | 25-27 || total
---------------------------+-------+-------+-------+-------+-------+-------+-------+-------+-------++-------
  Melee: Hand axe          |    94 |   104 |     6 |       |       |       |       |       |       ||   204
         Dagger            |    38 |       |       |       |       |       |       |       |       ||    38
         Short sword       |    45 |    76 |       |       |       |       |       |       |       ||   121
         Flail             |       |     7 |     2 |       |       |       |       |       |       ||     9
         Whip              |       |     5 |       |       |       |       |       |       |       ||     5
         Spear             |       |     1 |   346 |    61 |       |       |       |       |       ||   408
         Trident           |       |       |    91 |   854 |  1805 |  1113 |       |       |       ||  3863
         Staff             |       |       |       |    46 |    13 |       |       |       |       ||    59
         Demon trident     |       |       |       |       |       |  1143 |  1103 |  2509 |  1481 ||  6236
  Throw: Dart              |       |       |       |     3 |     7 |       |       |       |       ||    10
         Boomerang         |       |       |       |     3 |       |    15 |     4 |       |     2 ||    24
         Javelin           |       |       |       |       |       |       |       |       |     2 ||     2
   Cast: Scorch            |       |    51 |   102 |       |       |       |       |       |       ||   153
 Invoke: Foxfire Swarm     |       |       |       |     1 |       |       |       |       |       ||     1
Ability: Invent Gizmo      |       |       |       |       |     1 |       |       |       |       ||     1
  Evoke: Wand              |       |       |       |    22 |     6 |    25 |     4 |     3 |     5 ||    65
         Tin of tremorston |       |       |       |       |       |     3 |     2 |     6 |     2 ||    13
         Lightning rod     |       |       |       |       |       |     3 |       |       |       ||     3
         Gell's gravitambo |       |       |       |       |       |     1 |     2 |     3 |     2 ||     8
         Box of beasts     |       |       |       |       |       |     1 |     1 |       |     1 ||     3
    Use: Scroll            |     2 |     2 |     9 |    17 |     6 |    10 |     8 |     8 |    14 ||    76
         Potion            |     2 |       |       |     2 |     1 |     1 |     2 |     2 |    10 ||    20
   Stab: Sleeping          |     1 |     4 |     1 |       |       |       |       |       |       ||     6
         Distracted        |       |       |       |     1 |       |     1 |     5 |       |       ||     7
         Invisible         |       |       |       |       |       |    13 |     2 |     4 |     6 ||    25
 Armour: Robe              |    38 |    88 |   125 |       |       |       |       |       |       ||   251
         Chain mail        |       |       |    21 |   316 |   315 |       |       |       |       ||   652
         Plate armour      |       |       |       |       |   185 |   831 |     9 |       |       ||  1025
         Crystal plate arm |       |       |       |       |       |       |   346 |   690 |   465 ||  1501
  Dodge: Dodged            |    43 |    67 |   108 |   102 |   176 |   241 |   170 |   336 |   251 ||  1494

Table legend: (Time is in decaauts)
 A = Elapsed time spent in this place.
 B = Non-inter-level travel time spent in this place.
 C = Inter-level travel time spent in this place.
 D = Time resting spent in this place.
 E = Time spent auto-exploring this place.
 F = Levels seen in this place.
 G = Mean time per level.
                   A        B        C        D        E       F      G
               +--------+--------+--------+--------+--------+-----+--------+
         Total |  77244 |  70410 |   6834 |  17626 |  39827 |  52 | 1485.5 |
       Dungeon |  24967 |  21367 |   3600 |   5431 |  12124 |  15 | 1664.5 |
          Lair |   7846 |   7199 |    647 |   1797 |   4045 |   5 | 1569.2 |
        Shoals |   5893 |   5730 |    163 |   1290 |   3209 |   4 | 1473.2 |
     Snake Pit |   6322 |   5818 |    504 |    733 |   4411 |   4 | 1580.5 |
  Orcish Mines |   2080 |   1723 |    357 |    367 |    954 |   2 | 1040.0 |
   Elven Halls |   6250 |   5832 |    418 |   2489 |   2243 |   3 | 2083.3 |
        Vaults |  10386 |   9840 |    546 |   2204 |   5906 |   5 | 2077.2 |
        Depths |   4893 |   4503 |    390 |    235 |   3484 |   4 | 1223.2 |
           Zot |   5205 |   4999 |    206 |   2268 |   1793 |   5 | 1041.0 |
        Bazaar |     45 |     45 |      0 |      0 |     33 |   1 |   45.0 |
         Trove |     97 |     97 |      0 |      0 |      0 |   1 |   97.0 |
         Sewer |   1147 |   1147 |      0 |    175 |    638 |   1 | 1147.0 |
       Ossuary |    884 |    884 |      0 |    352 |    209 |   1 |  884.0 |
        Wizlab |   1224 |   1224 |      0 |    281 |    776 |   1 | 1224.0 |
               +--------+--------+--------+--------+--------+-----+--------+

Top non-repeatable levels by time:
Vaults:5: 4202 daAuts
   Elf:3: 3288 daAuts
    D:11: 2538 daAuts
    D:13: 2443 daAuts
    D:10: 2374 daAuts
Shoals:4: 2356 daAuts
  Lair:3: 2164 daAuts
   Zot:4: 2066 daAuts
    D:15: 2018 daAuts
Vaults:2: 1991 daAuts
 Snake:4: 1933 daAuts
 Snake:3: 1913 daAuts
  Lair:2: 1815 daAuts
     D:6: 1774 daAuts
     D:7: 1750 daAuts

Table legend:
 A = Kills in this place as a percentage of kills in the entire game.
 B = Kills by you in this place as a percentage of kills by you in the entire game.
 C = Kills by friends in this place as a percentage of kills by friends in the entire game.
 D = Other kills in this place as a percentage of other kills in the entire game.
 E = Experience gained in this place as a percentage of experience gained in the entire game.
 F = Experience gained in this place divided by the number of levels of this place that you have seen.
                   A       B       C       D       E      F
               +-------+-------+-------+-------+-------+----------------------
         Total | 100.0 | 100.0 | 100.0 | 100.0 | 100.0 | 21009.4
       Dungeon |  22.1 |  22.2 |  10.0 |   0.0 |   8.5 | 6214.1
          Lair |   9.9 |   9.8 |  40.0 |   0.0 |   5.9 | 12952.2
        Shoals |   6.9 |   6.7 |  50.0 |   0.0 |   6.1 | 16590.8
     Snake Pit |   7.8 |   7.9 |   0.0 |   0.0 |   7.4 | 20177.5
  Orcish Mines |   4.7 |   4.7 |   0.0 |   0.0 |   1.2 | 6420.0
   Elven Halls |   9.0 |   9.0 |   0.0 |  50.0 |  11.5 | 42032.0
        Vaults |  19.3 |  19.3 |   0.0 |  50.0 |  26.9 | 58730.0
        Depths |   9.1 |   9.2 |   0.0 |   0.0 |  16.1 | 43908.5
           Zot |   6.6 |   6.6 |   0.0 |   0.0 |  14.1 | 30812.4
         Sewer |   1.3 |   1.3 |   0.0 |   0.0 |   0.0 | 105.0
       Ossuary |   1.7 |   1.8 |   0.0 |   0.0 |   0.1 | 697.0
        Wizlab |   1.5 |   1.5 |   0.0 |   0.0 |   2.2 | 24360.0
               +-------+-------+-------+-------+-------+----------------------
